 Dungeon Crawl Stone Soup version 0.31-a0-149-g3fdcc5976a (webtiles) character file.

Game seed: 4755661783465936220

233 comborobin the Insei (level 5, 0/41 HPs)
             Began as a Demonspawn Delver on June 8, 2023.
             Succumbed to a water moccasin's poison
             ... on level 6 of the Dungeon.
             The game lasted 00:02:03 (705 turns).

comborobin the Insei (Demonspawn Delver)             Turns: 705, Time: 00:02:04

Health: 0/41       AC:  5    Str: 14    XL:     5   Next: 75%
Magic:  5/5        EV: 13    Int: 11    God:
Gold:   31         SH:  0    Dex: 15    Spells: 4/4 levels left

rFire   . .          .
                       - Unarmed
rCold   . . .        (no shield)
rNeg    . . .        a - +0 leather armour
rPois   .            h - +0 helmet
rElec   .            g - +0 cloak
rCorr   .            (no gloves)
SInv    .            (no boots)
Will    .....        (no amulet)
Stlth   +++          i - ring of wizardry
HPRegen 0.26/turn    (no ring)
MPRegen 0.09/turn

%: wizardry (x1)
@: brilliant, lethally poisoned (0 -> -29), hasted, very quick
A: repulsion field 1, foul stench 1, demonic magic 1
a: no special abilities


You were on level 6 of the Dungeon.
You visited 1 branch of the dungeon, and saw 3 of its levels.

You collected 31 gold pieces.

Inventory:

Armour
 a - a +0 leather armour (worn)
 g - a +0 cloak (worn)
 h - a +0 helmet (worn)
Jewellery
 i - a ring of wizardry (left hand)
Wands
 f - a wand of digging (3)
Scrolls
 b - a scroll of fog
 c - a scroll of identify {unknown}
 d - a scroll of fear


   Skills:
 - Level 3.0 Fighting
 - Level 1.7 Dodging
 - Level 4.5 Stealth
 + Level 5.5 Unarmed Combat


You had 4 spell levels left.
You didn't know any spells.
Your spell library was empty.

Dungeon Overview and Level Annotations

Branches:
Dungeon (6/15)
 Temple: D:4-7

Altars:
Makhleb

Shops:
D:6 *

Annotations:
D:5 oldplebian's ghost, amateur DgCj


Innate Abilities, Weirdness & Mutations

You are surrounded by a mild repulsion field. (EV +2)
You may rarely emit foul miasma when damaged in melee.
Spells you cast may paralyse adjacent enemies.


Message History

Found Izadweb's Serpentskin Sales.
A water moccasin comes into view.
Okay, then.
It was a potion of brilliance.
You feel clever all of a sudden.
The water moccasin moves out of view.
You feel yourself speed up. The adder bites you.
You barely miss the adder. The water moccasin bites you.
You are poisoned.
The water moccasin poisons you! The ball python misses you.
The ball python closely misses you. The adder closely misses you.
There is an open door here.
You feel sick. The adder barely misses you.
You feel sick.
You feel sick.
You hit the water moccasin but do no damage.
You feel sick. The water moccasin bites you!
You are more poisoned.
The water moccasin poisons you!
You hit the water moccasin.
The water moccasin is lightly wounded.
You feel very sick.
You closely miss the water moccasin. You punch the water moccasin.
The water moccasin is lightly wounded.
You feel sick. The water moccasin bites you!
You closely miss the water moccasin.
The water moccasin is lightly wounded.
* * * LOW HITPOINT WARNING * * *
You feel sick. The water moccasin misses you.
You are too injured to fight recklessly!
You miss the water moccasin.
The water moccasin is lightly wounded.
* * * LOW HITPOINT WARNING * * *
You feel sick. The water moccasin bites you.
* * * LOW HITPOINT WARNING * * *
You are more poisoned.
The water moccasin poisons you!
You aren't carrying any potions.
You die...

# #.# #####...#
#########.....#
#..........#
#._..#####.# #
#.).## #.####.#
#@### #...<..# #.#
### #.######
#####S###.## #.#
#...#S##.#.###.#
+.∩.'S#.###....#
#...#.##.#.###.###
########.........#
#.. #..##.###.##
#...#
#..##.##...##


You could see a water moccasin, an adder and a ball python.

Vanquished Creatures
  Grinder (D:6)
  An iguana (D:6)
  A dart slug (D:4)
  An orc (D:6)
  A ball python (D:4)
  A giant cockroach (D:4)
  A hobgoblin (D:4)
7 creatures vanquished.

Notes
Turn   | Place    | Note
-------+----------+-------------------------------------------
     0 | D:5      | comborobin the Demonspawn Delver began the quest for the
                  | Orb.
     0 | D:5      | Reached XP level 1. HP: 18/18 MP: 1/1
     6 | D:5      | Noticed oldplebian's ghost (amateur DgCj)
    68 | D:4      | Reached skill level 2 in Unarmed Combat
   253 | D:4      | Noticed a black bear
   448 | D:6      | Noticed Grinder
   461 | D:6      | Paralysed by Grinder for 4 turns
   467 | D:6      | Paralysed by Grinder for 2 turns
   474 | D:6      | Killed Grinder
   475 | D:6      | Reached skill level 5 in Unarmed Combat
   475 | D:6      | Gained mutation: You may rarely emit foul miasma when
                  | damaged in melee. [demonic ancestry]
   475 | D:6      | Reached XP level 2. HP: 15/24 MP: 2/2
   475 | D:6      | Gained mutation: You are surrounded by a mild repulsion
                  | field. (EV +2) [demonic ancestry]
   475 | D:6      | Reached XP level 3. HP: 17/29 MP: 3/3
   475 | D:6      | Reached XP level 4. HP: 21/35 MP: 4/4
   475 | D:6      | Gained mutation: Spells you cast may paralyse adjacent
                  | enemies. [demonic ancestry]
   475 | D:6      | Reached XP level 5. HP: 25/41 MP: 5/5
   571 | D:6      | Noticed a black bear
   586 | D:6      | Found a burning altar of Makhleb.
   692 | D:6      | Found Izadweb's Serpentskin Sales.
   693 | D:6      | Noticed a water moccasin
   705 | D:6      | Succumbed to a water moccasin's poison

Illustrated notes

Levels and vault maps discovered:
D:4:      layout_cave_pods, mainiacjoe_overflow_catwalk_spiral
D:5:      layout_loops_cross, gammafunk_ghost_abyssal_escape
D:6:      layout_loops_ring, bloody_makhleb, fedhas_altar_3,
          nicolae_stop_n_shop_2, grunt_ministairs_6, guppyfry_shop_venom,
          uniq_crazy_yiuf_cottage, uniq_menkaure, uniq_grinder

Skill      XL: |  1 |
---------------+----+-----
Unarmed Combat | 5 |  5.5
Fighting       | |  3.0
Dodging        | |  1.7
Stealth        | |  4.5

Action                     |  1- 3 |  4- 6 || total
---------------------------+-------+-------++-------
  Melee: Unarmed           |    39 |    15 ||    54
         Punch             |     2 |     1 ||     3
    Use: Potion            |     2 |     2 ||     4
         Scroll            |     2 |       ||     2
   Stab: Sleeping          |       |     1 ||     1
 Armour: Leather armour    |    14 |       ||    14
         Skin              |     4 |       ||     4
  Dodge: Dodged            |    25 |    10 ||    35

Table legend: (Time is in decaauts)
 A = Elapsed time spent in this place.
 B = Non-inter-level travel time spent in this place.
 C = Inter-level travel time spent in this place.
 D = Time resting spent in this place.
 E = Time spent auto-exploring this place.
 F = Levels seen in this place.
 G = Mean time per level.
                   A        B        C        D        E       F      G
               +--------+--------+--------+--------+--------+-----+--------+
         Total |    699 |    634 |     65 |    338 |     80 |   3 |  233.0 |
       Dungeon |    699 |    634 |     65 |    338 |     80 |   3 |  233.0 |
               +--------+--------+--------+--------+--------+-----+--------+

Top non-repeatable levels by time:
     D:6: 421 daAuts
     D:4: 186 daAuts
     D:5: 92 daAuts
